 Dungeon Crawl Stone Soup version 0.27-a0-1347-gd8886f0a89 (webtiles) character file.

Game seed: 4668571483517341733

22 sanka the Insei (level 3, -5/27 HPs)
             Began as a Djinni Transmuter on June 27, 2021.
             Slain by Sigmund (7 damage)
             ... on level 2 of the Dungeon.
             The game lasted 00:02:23 (1903 turns).

sanka the Insei (Djinni Transmuter)                 Turns: 1903, Time: 00:02:23

Health: -5/27      AC:  2    Str:  9    XL:     3   Next: 7%
Gold:   34         EV: 19    Int: 14    God:
                   SH:  0    Dex: 19

rFire    . . .     SeeInvis .     - Unarmed
rCold    . . .     Faith    .   (shield currently unavailable)
rNeg     . . .     Spirit   .   (armour currently unavailable)
rPois    ∞         Reflect  .   (helmet currently unavailable)
rElec    .         Harm     .   (cloak currently unavailable)
rCorr    .         Rampage  .   (gloves currently unavailable)
Will     .....                  (boots unavailable)
Stlth    +.........             (no amulet)
HPRegen  0.09/turn              (no ring)
MPRegen  0.00/turn              (no ring)

@: confused, spider-form, flying
A: venomous fangs, flying, sickness immunity, tiny, (fire resistance 2), (cold
vulnerability 1), float, innate caster, hp casting, extra vitality 1
a: End Transformation


You were on level 2 of the Dungeon.
You were a venomous arachnid creature.
You visited 1 branch of the dungeon, and saw 2 of its levels.

You collected 34 gold pieces.


Innate Abilities, Weirdness & Mutations

You are a venomous arachnid creature.
You have poisonous fangs.
You are tiny and dextrous.
You are flying.
Your spellcasting is less reliable in this form.
Your armour is entirely melded.
You are incapable of wielding weapons or throwing items.
You are immune to sickness and miasma.
You are immune to poison.
((Your flesh is very heat resistant. (rF++)))
((You are vulnerable to cold. (rC-)))
You float through the air rather than walking.
You learn spells naturally, not from books.
Your magical power is your life essence.
You have superior vitality. (+4 HP)


   Skills:
 - Level 1.0 Fighting
 - Level 2.1 Dodging
 - Level 3.0 Unarmed Combat
 + Level 2.5 Spellcasting


You couldn't memorise any spells.
You knew the following spells:

 Your Spells              Type           Power      Damage    Failure   Level
c - Ice Form              Ice/Tmut       9%         N/A       80%         4
x - Spider Form           Tmut/Pois      4%         N/A       45%         3
y - Wereblood             Tmut           9%         N/A       28%         2
z - Beastly Appendage     Tmut           18%        N/A       21%         1
Z - Corona                Hex            10%        N/A       21%         1
Your spell library was empty.

Inventory:

Armour
 a - a +0 robe (melded)
Scrolls
 b - a scroll of noise {unknown}
 c - a scroll of identify {unknown}
 d - 2 scrolls of brand weapon {unknown}

Dungeon Overview and Level Annotations

Branches:
Dungeon (2/15)

Altars:

Annotations:
D:2 Sigmund, Terence

▒▒▒▒▒▒▒▒▒▒ .......▒.▒
▒▒▒▒▒▒▒▒ .........▒
▒.......
.......▒.▒▒▒▒▒▒▒▒▒.▒▒▒.▒▒
>......{..▒..........▒.▒
.......▒s.▒.▒▒▒▒▒▒.▒.▒.▒
.....▒▒▒..▒.▒ ▒.▒.▒.▒▒
.▒▒▒ ▒▒▒..▒.▒▒▒▒▒▒.▒.....
▒..................▒
▒.▒.▒▒▒▒▒▒▒▒▒......▒
▒..................▒
▒..▒.▒▒▒▒▒▒▒▒▒.....▒
▒..▒.▒.....▒ ▒.....▒
▒▒▒▒.▒.▒▒▒.▒▒▒.†....


There were no monsters in sight!


Message History

Found a stone staircase leading down.
You closely miss Sigmund. Sigmund hits you with a +0 scythe!
You hit Sigmund.
Sigmund is poisoned.
Sigmund is lightly wounded.
Sigmund hits you with a +0 scythe!
* * * LOW HITPOINT WARNING * * *
Unknown command.
You hit Sigmund.
Sigmund looks as sick as possible!
Sigmund is moderately wounded.
Sigmund closely misses you.
Unknown command.
You hit Sigmund.
Sigmund is moderately wounded.
Sigmund mumbles some strange words.
Sigmund flickers and vanishes!
Deactivating autopickup; reactivate with Ctrl-A.
You hear some strange, mumbled words.
You are confused.
You bump into the rock wall.
Something completely misses you.
You hear some strange, mumbled words.
A magic dart appears from out of thin air!
The magic dart hits you.
* * * LOW HITPOINT WARNING * * *
You're too confused to move!
Something hits you!
You die...

Action                   || total
-------------------------++-------
Melee: Unarmed           ||    71
       Headbutt          ||     4
 Cast: Beastly Appendage ||    10
       Spider Form       ||     1
Armor: Robe              ||     8
Dodge: Dodged            ||    59

Levels and vault maps discovered:
D:1:      saegor_arrival_under_anarchy, layout_basic,
          ebering_ecumenical_altar_hall
D:2:      layout_basic, serial_shops, shop, uniq_sigmund, uniq_terence

Notes
Turn   | Place    | Note
-------+----------+-------------------------------------------
     0 | D:1      | sanka the Djinni Transmuter began the quest for the Orb.
     0 | D:1      | Reached XP level 1. HP: 17/17 MP: 0/0
   806 | D:1      | Reached skill level 2 in Spellcasting
   833 | D:1      | Reached XP level 2. HP: 18/22 MP: 0/0
   895 | D:1      | Found a faded altar of an unknown god.
  1504 | D:2      | Noticed Terence
  1512 | D:2      | Noticed a necrophage
  1585 | D:2      | Noticed Sigmund
  1672 | D:2      | Reached XP level 3. HP: 9/27 MP: 0/0
  1672 | D:2      | Learned a level 1 spell: Corona
  1902 | D:2      | HP: 2/27 [something/magic dart (6)]
  1903 | D:2      | Slain by Sigmund

Vanquished Creatures
  An adder (D:2)
  An endoplasm (D:1)
  3 goblins (D:1)
  A hobgoblin (D:1)
  A kobold (D:2)
  2 bats
  2 frilled lizards (D:1)
  2 rats (D:1)
13 creatures vanquished.
